 Dungeon Crawl Stone Soup version 0.31-a0-441-g867994ef1c (webtiles) character file.

Game seed: 18387632580114054424

55561 zazu2006 the Thaumaturge (level 14, -2/110 HPs)
             Began as a Gnoll Wanderer on Aug 2, 2023.
             Was a High Priest of Vehumet.
             Slain by Donald
             ... wielding a +4 vampiric demon trident
              (35 damage)
             ... on level 2 of the Orcish Mines.
             The game lasted 00:56:57 (22333 turns).

zazu2006 the Thaumaturge (Gnoll Wanderer)          Turns: 22333, Time: 00:57:04

Health: -2/110     AC: 18    Str: 17    XL:     14   Next: 77%
Magic:  6/30       EV: 18    Int: 12    God:    Vehumet [*****.]
Gold:   992        SH:  6    Dex: 11    Spells: 17/37 levels left

rFire   . . .        v - +8 falchion of Mayhem {holy, rCorr}
rCold   . . .        e - +0 buckler
rNeg    . . .        d - +2 scale mail
rPois   .            (no helmet)
rElec   .            M - +2 cloak
rCorr   +            r - +0 pair of gloves
SInv    .            w - +1 pair of boots
Will    +....        W - amulet of the acrobat
Stlth   +++          k - +5 ring of evasion
HPRegen 0.38/turn    F - ring of wizardry
MPRegen 0.22/turn

%: acrobat, wizardry (x1)
@: no status effects
A: fangs 1, strong nose, distributed training
a: Renounce Religion


You were on level 2 of the Orcish Mines.
You worshipped Vehumet.
Vehumet was extremely pleased with you.
You visited 4 branches of the dungeon, and saw 20 of its levels.

You collected 1208 gold pieces.
You spent 216 gold pieces at shops.

Inventory:

Hand Weapons
 v - the +8 falchion of Mayhem (weapon) {holy, rCorr}
   (You found it on level 4 of the Dungeon)

   rCorr:     It protects you from acid and corrosion.
 V - the +8 morningstar "Demon's Curse" {freeze, rPois rF- rN+}
   (You found it on level 10 of the Dungeon)

   rF:        It makes you vulnerable to fire.
   rPois:     It protects you from poison.
   rN:        It protects you from negative energy.
Armour
 d - a +2 scale mail (worn)
 e - a +0 buckler (worn)
 r - a +0 pair of gloves (worn)
 w - a +1 pair of boots (worn)
 M - a +2 cloak (worn)
Jewellery
 k - a +5 ring of evasion (left hand)
 m - a ring of resist corrosion
 q - a ring of positive energy
 t - a ring of fire
 x - an amulet of magic regeneration
 F - a ring of wizardry (right hand)
 W - an amulet of the acrobat (around neck)
Wands
 C - a wand of flame (50)
 N - a wand of roots (1)
 Q - a wand of light (6)
 S - a wand of charming (11)
 T - a wand of mindburst (2)
 U - a wand of digging (6)
Scrolls
 b - 4 scrolls of identify
 c - 3 scrolls of noise {unknown}
 f - 4 scrolls of fog {unknown}
 g - 2 scrolls of brand weapon {unknown}
 h - 9 scrolls of teleportation {unknown}
 n - a scroll of enchant weapon
 o - 5 scrolls of amnesia {unknown}
 p - 7 scrolls of vulnerability {unknown}
 y - 3 scrolls of poison {unknown}
 z - 2 scrolls of torment {unknown}
 A - 3 scrolls of revelation {unknown}
 E - 2 scrolls of summoning {unknown}
 H - 2 scrolls of enchant armour {unknown}
 I - a scroll of acquirement {unknown}
 K - a scroll of silence
 O - 2 scrolls of fear {unknown}
Potions
 a - a potion of cancellation {unknown}
 i - 6 potions of brilliance
 j - 5 potions of mutation
 l - 10 potions of curing
 s - 4 potions of lignification
 u - 4 potions of heal wounds
 B - a potion of magic
 D - a potion of invisibility {unknown}
 G - 2 potions of haste
 J - 2 potions of berserk rage
 L - 2 potions of enlightenment
 P - 4 potions of might
 R - a potion of attraction {unknown}
 Y - 2 potions of resistance {unknown}
 Z - 2 potions of ambrosia {unknown}


   Skills:
 + Level 10.0 Fighting
 + Level 9.7 Short Blades
 + Level 9.7 Long Blades
 + Level 9.7 Axes
 + Level 9.7 Maces & Flails
 + Level 9.7 Polearms
 + Level 9.7 Staves
 + Level 9.7 Ranged Weapons
 + Level 9.7 Throwing
 + Level 10.7 Armour
 + Level 10.0 Dodging
 + Level 9.7 Stealth
 + Level 9.7 Shields
 + Level 9.7 Unarmed Combat
 + Level 12.0 Spellcasting
 + Level 8.1 Conjurations
 + Level 8.1 Hexes
 + Level 8.1 Summonings
 + Level 8.1 Necromancy
 + Level 8.1 Translocations
 + Level 8.1 Transmutations
 + Level 8.1 Fire Magic
 + Level 8.1 Ice Magic
 + Level 8.1 Air Magic
 + Level 8.1 Earth Magic
 + Level 9.8 Poison Magic
 + Level 10.5 Invocations
 + Level 9.7 Evocations
 + Level 8.1 Shapeshifting


You had 17 spell levels left.
You knew the following spells:

 Your Spells              Type           Power      Damage    Failure   Level
a - Sting                 Tmut/Pois      100%       1d8       1%          1
b - Mephitic Cloud        Conj/Pois/Air  28%        N/A       1%          3
c - Stone Arrow           Conj/Erth      52%        3d10      1%          3
d - Iskenderun's Mystic   Conj/Tloc      26%        2d7       1%          4
e - Olgreb's Toxic Radia  Pois           30%        N/A       1%          4
f - Freezing Cloud        Conj/Ice/Air   13%        6-21      3%          5

Your spell library contained the following spells:

 Spells                   Type           Power      Damage    Failure   Level
 Apportation              Tloc           52%        N/A       1%          1
 Necrotise                Necr           100%       1d9       1%          1
 Sandblast                Erth           52%        2d12      1%          1
 Ensorcelled Hibernation  Hex/Ice        52%        N/A       1%          2
 Lesser Beckoning         Tloc           52%        N/A       1%          2
 Passwall                 Tmut/Erth      21%        N/A       1%          2
 Scorch                   Fire           52%        2d7       1%          2
 Wereblood                Tmut           26%        N/A       1%          2
 Gell's Gravitas          Tloc           26%        N/A       1%          3
 Teleport Other           Tloc           26%        N/A       1%          3
 Vampiric Draining        Necr           26%        2d7       1%          3
 Flame Wave               Conj/Fire      26%        2d8       1%          4
 Irradiate                Conj/Tmut      13%        3d16      3%          5
 Anguish                  Hex/Necr       13%        N/A       4%          4
 Animate Dead             Necr           26%        N/A       4%          4
 Alistair's Intoxication  Tmut/Pois      18%        N/A       9%          5
 Agony                    Necr           26%        N/A       12%         5
 Summon Forest            Summ/Tloc      13%        N/A       12%         5
 Eringya's Noxious Bog    Tmut/Pois      14%        4d6       13%         6
 Summon Cactus Giant      Summ           13%        N/A       52%         6
 Haunt                    Necr/Summ      13%        N/A       97%         7
 Malign Gateway           Summ/Tloc      13%        N/A       97%         7
 Summon Hydra             Summ           13%        N/A       97%         7
 Ignition                 Fire           13%        3d6       99%         8
 Discord                  Hex            13%        N/A       100%        8
 Infestation              Necr           13%        N/A       100%        8
 Summon Horrible Things   Summ           13%        N/A       100%        8


Dungeon Overview and Level Annotations

Branches:
Dungeon (12/15)            Temple (1/1) D:4            Lair (5/5) D:8
  Swamp (0/4) Lair:2       Spider (0/4) Lair:2        Slime (0/5) Lair:5
    Orc (2/2) D:12
    Elf: Orc:2

Altars:
Ashenzari
Cheibriados
Dithmenos
Elyvilon
Fedhas
Gozag
Hepliaklqana
Kikubaaqudgha
Makhleb
Nemelex Xobeh
Okawaru
Qazlal
Ru
Sif Muna
Trog
Uskayaw
Vehumet
Wu Jian
Xom
Yredelemnul
Zin
The Shining One
Jiyva

Shops:
D:1 (   D:3 *   D:11 *

Portals:
Trove: D:12 (give 11 potions of heal wounds)

Annotations:
Lair:5 1 runed translucent door
Orc:2 Donald


Innate Abilities, Weirdness & Mutations

You have very sharp teeth.
Your uncanny sense of smell can sniff out nearby items.
Your experience applies equally to all skills.


Message History

Aim: Donald, wielding a +4 vampiric demon trident, wearing a +0 plate armour and wearing a +0 kite shield of reflection (freezing vapour, moderately wounded, strong, reflecting blocked projectiles, 86% to hit)
The stone arrow hits Donald.
Donald is moderately wounded.
Donald is engulfed in freezing vapours.
Donald casts a spell.
Donald seems to speed up.
Casting: Stone Arrow (safe; 1% risk of failure)
Confirm with . or Enter, or press ? or * to list all spells.
Aiming: Stone Arrow (safe; 1% risk of failure)
Press: ? - help, Shift-Dir - straight line, f/p - Donald
Aim: Donald, wielding a +4 vampiric demon trident, wearing a +0 plate armour and wearing a +0 kite shield of reflection (freezing vapour, moderately wounded, fast, strong, reflecting blocked projectiles, 86% to hit)
Donald blocks the stone arrow with his +0 kite shield of reflection... and reflects it back!
You block the stone arrow.
Donald is engulfed in freezing vapours.
Donald misses you.
Casting: Stone Arrow (safe; 1% risk of failure)
Confirm with . or Enter, or press ? or * to list all spells.
Aiming: Stone Arrow (safe; 1% risk of failure)
Press: ? - help, Shift-Dir - straight line, f/p - Donald
Aim: Donald, wielding a +4 vampiric demon trident, wearing a +0 plate armour and wearing a +0 kite shield of reflection (freezing vapour, moderately wounded, fast, strong, reflecting blocked projectiles, 86% to hit)
Donald blocks the stone arrow with his +0 kite shield of reflection... and reflects it back!
The stone arrow misses you. You block Donald's attack.
Donald is engulfed in freezing vapours.
Donald hits you from afar with a +4 vampiric demon trident!!
Unknown command.
Donald is engulfed in freezing vapours.
Donald says, "Orcs complain a lot, don't they?
I hate it."
Casting: Stone Arrow (safe; 1% risk of failure)
Confirm with . or Enter, or press ? or * to list all spells.
Aiming: Mephitic Cloud (safe; 1% risk of failure)
Press: ? - help, Shift-Dir - straight line, f/p - Donald
Aim: Donald, wielding a +4 vampiric demon trident, wearing a +0 plate armour and wearing a +0 kite shield of reflection (freezing vapour, heavily wounded, fast, strong, reflecting blocked projectiles, chance to affect: 34%)
The ball explodes into a vile cloud!
The stinking cloud engulfs Donald but does no damage.
Donald is heavily wounded.
Donald is engulfed in freezing vapours.
Donald hits you from afar with a +4 vampiric demon trident!!
* * * LOW HITPOINT WARNING * * *
Donald draws strength from your wounds!
Donald is engulfed in freezing vapours.
Donald hits you from afar with a +4 vampiric demon trident!!
You die...

$.. #. ..##
... ...## ....
.§☼##....
.○☼§.....
#○☼○..# ####
##@§§.#
#..###§○#
######....@##
#...#......#
#...)..##.##
##.##...####
#..##..#..#
#...).###.#
###)...#..#
###......#
#####...##.###


You could see Donald (fast, strong, reflecting).

Vanquished Creatures
  An orc warlord (Orc:1)
  An eleionoma (Lair:2)
  4 hydras
  2 centaur warriors (D:12)
  A deep troll shaman (Lair:5)
  2 catoblepae (Lair:5)
  4 death yaks (Lair:5)
  4 skysharks
  An orb spider (Lair:2)
  A wizard (D:11)
  Pikel (D:6)
  2 orc knights
  2 ugly things
  An orc sorcerer (D:11)
  3 cyclopes
  A manticore (D:12)
  An oklob plant (Lair:5)
  11 elephants
  5 black mambas
  9 cane toads
  A gargoyle (D:12)
  2 rime drakes
  3 kobold demonologists (D:12)
  8 komodo dragons
  3 polar bears
  3 trolls
  3 hornets
  9 dream sheep
  12 blink frogs
  A shadow (D:11)
  6 slime creatures
  Sigmund (D:2)
  A wraith (D:9)
  41 yaks
  7 wyverns
  A steam dragon (D:8)
  4 basilisks
  2 vampire mosquitoes (D:12)
  Menkaure (D:4)
  Edmund (D:5)
  3 wargs (D:12)
  16 water moccasins
  Duvessa (D:6)
  17 orc warriors
  An ice beast (D:7)
  3 black bears
  A sky beast (D:7)
  7 ogres
  19 wolves
  8 centaurs
  A lemure (D:6)
  5 kobold brigands
  2 phantoms
  13 bullfrogs
  4 gnoll sergeants
  3 scorpions (D:5)
  17 wights
  Dowan (D:6)
  19 killer bees
  6 howler monkeys
  3 hounds
  A jelly (D:7)
  Crazy Yiuf (D:6)
  2 gnoll boudas
  7 orc priests
  A sleepcap (D:6)
  3 iguanas
  5 orc wizards
  Terence (D:2)
  2 human simulacra (D:9)
  29 gnolls
  5 adders
  A shadow imp (D:6)
  2 white imps (D:6)
  3 ufetubi
  A worm (D:8)
  2 dart slugs
  38 orcs
  7 ball pythons
  3 endoplasms
  2 giant cockroaches
  8 goblins
  5 hobgoblins
  4 jackals (D:2)
  4 quokkas
  12 bats
  4 frilled lizards
  23 kobolds
  9 rats
502 creatures vanquished.

Vanquished Creatures (collateral kills)
  A killer bee (D:9)
1 creature vanquished.

Vanquished Creatures (others)
  Erolcha (D:9)
  2 yaks (Lair:1)
  2 orc wizards
5 creatures vanquished.

Grand Total: 508 creatures vanquished

Notes
Turn   | Place    | Note
-------+----------+-------------------------------------------
     0 | D:1      | zazu2006 the Gnoll Wanderer began the quest for the Orb.
     0 | D:1      | zazu2006 set off with the following items: a +0 club, a
                  | scroll of silence, a potion of curing, a +2 scale mail; and
                  | the following spell memorised: Sting; and the following
                  | spells available to memorise: Mephitic Cloud.
     0 | D:1      | Reached XP level 1. HP: 17/17 MP: 8/8
   268 | D:1      | Reached XP level 2. HP: 23/23 MP: 10/10
   441 | D:1      | Found Olucungo's Antique Weapon Shoppe.
   784 | D:1      | Reached XP level 3. HP: 28/28 MP: 8/11
  1017 | D:2      | Learned a level 3 spell: Mephitic Cloud
  1139 | D:2      | Noticed Sigmund
  1151 | D:2      | Killed Sigmund
  1152 | D:2      | Reached skill level 1 in Short Blades
  1152 | D:2      | Reached skill level 1 in Long Blades
  1152 | D:2      | Reached skill level 1 in Axes
  1152 | D:2      | Reached skill level 1 in Maces & Flails
  1152 | D:2      | Reached skill level 1 in Polearms
  1152 | D:2      | Reached skill level 1 in Staves
  1152 | D:2      | Reached skill level 1 in Ranged Weapons
  1152 | D:2      | Reached skill level 1 in Throwing
  1152 | D:2      | Reached skill level 1 in Stealth
  1152 | D:2      | Reached skill level 1 in Shields
  1152 | D:2      | Reached skill level 1 in Unarmed Combat
  1152 | D:2      | Reached skill level 1 in Conjurations
  1152 | D:2      | Reached skill level 1 in Hexes
  1152 | D:2      | Reached skill level 1 in Summonings
  1152 | D:2      | Reached skill level 1 in Necromancy
  1152 | D:2      | Reached skill level 1 in Translocations
  1152 | D:2      | Reached skill level 1 in Transmutations
  1152 | D:2      | Reached skill level 1 in Fire Magic
  1152 | D:2      | Reached skill level 1 in Ice Magic
  1152 | D:2      | Reached skill level 1 in Air Magic
  1152 | D:2      | Reached skill level 1 in Earth Magic
  1152 | D:2      | Reached skill level 1 in Invocations
  1152 | D:2      | Reached skill level 1 in Evocations
  1152 | D:2      | Reached skill level 1 in Shapeshifting
  1152 | D:2      | Reached XP level 4. HP: 35/35 MP: 9/13
  1152 | D:2      | Reached XP level 5. HP: 41/41 MP: 9/14
  1255 | D:2      | Found a faded altar of an unknown god.
  1267 | D:2      | Noticed Terence
  1290 | D:2      | Killed Terence
  1368 | D:2      | Reached XP level 6. HP: 47/47 MP: 13/16
  2230 | D:3      | Reached skill level 5 in Armour
  2342 | D:3      | Found Peitwib's General Store.
  2920 | D:4      | Identified the +8 falchion of Mayhem {holy, rCorr}
  2992 | D:4      | Found a staircase to the Ecumenical Temple.
  3005 | Temple   | Entered the Ecumenical Temple
  3022 | Temple   | Became a worshipper of Vehumet
  3110 | D:4      | Noticed Menkaure
  3255 | D:4      | Killed Menkaure
  3256 | D:4      | Reached XP level 7. HP: 49/52 MP: 18/18
  3397 | D:4      | Found an ornate altar of the Wu Jian Council.
  3527 | D:5      | Entered Level 5 of the Dungeon
  3636 | D:5      | Found a stormy altar of Qazlal.
  3731 | D:5      | Reached XP level 8. HP: 60/60 MP: 19/19
  3743 | D:5      | Found a shadowy altar of Dithmenos.
  3745 | D:5      | Noticed Edmund
  3760 | D:5      | Killed Edmund
  3807 | D:5      | Reached * piety under Vehumet
  3807 | D:5      | Offered knowledge of Freeze by Vehumet.
  4074 | D:5      | Reached skill level 8 in Spellcasting
  4910 | D:6      | Reached XP level 9. HP: 61/66 MP: 21/21
  5190 | D:6      | Found a sacrificial altar of Ru.
  5238 | D:6      | Noticed Duvessa
  5244 | D:6      | Noticed Dowan
  5249 | D:6      | Killed Duvessa
  5257 | D:6      | Killed Dowan
  5268 | D:6      | Noticed Pikel
  5290 | D:6      | Killed Pikel
  5291 | D:6      | Reached skill level 5 in Fighting
  5291 | D:6      | Reached skill level 5 in Dodging
  5370 | D:6      | Found a runed translucent door.
  5371 | D:6      | Noticed Crazy Yiuf
  5664 | D:6      | Killed Crazy Yiuf
  5761 | D:7      | Reached skill level 5 in Invocations
  5836 | D:7      | Reached ** piety under Vehumet
  5836 | D:7      | Offered knowledge of Poisonous Vapours by Vehumet.
  6141 | D:7      | Learned a level 3 spell: Stone Arrow
  6217 | D:7      | Reached XP level 10. HP: 58/75 MP: 22/22
  6411 | D:7      | Reached skill level 5 in Short Blades
  6411 | D:7      | Reached skill level 5 in Long Blades
  6411 | D:7      | Reached skill level 5 in Axes
  6411 | D:7      | Reached skill level 5 in Maces & Flails
  6411 | D:7      | Reached skill level 5 in Polearms
  6411 | D:7      | Reached skill level 5 in Staves
  6411 | D:7      | Reached skill level 5 in Ranged Weapons
  6411 | D:7      | Reached skill level 5 in Throwing
  6411 | D:7      | Reached skill level 5 in Stealth
  6411 | D:7      | Reached skill level 5 in Shields
  6411 | D:7      | Reached skill level 5 in Unarmed Combat
  6411 | D:7      | Reached skill level 5 in Evocations
  6838 | D:8      | Found a staircase to the Lair.
  6838 | D:8      | Noticed an elephant
  6864 | D:8      | Killed an elephant
  6865 | D:8      | Reached skill level 9 in Spellcasting
  7096 | D:8      | Offered knowledge of Hailstorm by Vehumet.
  7433 | D:8      | Reached *** piety under Vehumet
  7557 | D:8      | Noticed a moth of wrath
  7560 | D:8      | Found a bloodstained altar of Trog.
  7651 | D:8      | Paralysed by a hornet for 1 turns
  8063 | D:9      | Offered knowledge of Sticky Flame by Vehumet.
  8099 | D:9      | Reached XP level 11. HP: 47/83 MP: 24/24
  8281 | D:9      | Reached skill level 5 in Conjurations
  8281 | D:9      | Reached skill level 5 in Hexes
  8281 | D:9      | Reached skill level 5 in Summonings
  8281 | D:9      | Reached skill level 5 in Necromancy
  8281 | D:9      | Reached skill level 5 in Translocations
  8281 | D:9      | Reached skill level 5 in Transmutations
  8281 | D:9      | Reached skill level 5 in Fire Magic
  8281 | D:9      | Reached skill level 5 in Ice Magic
  8281 | D:9      | Reached skill level 5 in Air Magic
  8281 | D:9      | Reached skill level 5 in Earth Magic
  8281 | D:9      | Reached skill level 5 in Shapeshifting
  8624 | D:9      | Noticed Erolcha
  8645 | D:9      | Reached **** piety under Vehumet
  8679 | D:9      | Killed Erolcha
  9069 | D:9      | Offered knowledge of Iskenderun's Mystic Blast by Vehumet.
  9163 | D:9      | Learned a level 4 spell: Iskenderun's Mystic Blast
  9180 | D:10     | Entered Level 10 of the Dungeon
 10048 | D:10     | Found a blossoming altar of Fedhas.
 10092 | D:10     | Identified the +8 morningstar "Demon's Curse" {freeze,
                  | rPois rF- rN+}
 10261 | D:11     | Found Kitifret's Assorted Antiques.
 10278 | D:11     | Bought a faintly humming ring mail for 216 gold pieces
 10278 | D:11     | Identified the +3 ring mail of Vermicelli {-Tele rN++
                  | Int+4} (You bought it in a shop on level 11 of the Dungeon)
 10294 | D:11     | Noticed a cyclops
 10296 | D:11     | Noticed a cyclops
 10298 | D:11     | Noticed an orc sorcerer
 10307 | D:11     | Noticed a soul eater
 10313 | D:11     | Noticed a wizard
 10321 | D:11     | Killed an orc sorcerer
 10463 | D:11     | Killed a wizard
 10469 | D:11     | Killed a cyclops
 10556 | D:11     | Noticed a cyan ugly thing
 10604 | D:11     | Killed a cyan ugly thing
 10676 | D:11     | Killed a cyclops
 10779 | D:11     | You fall into a shaft and drop 1 floor!
 10811 | D:12     | Noticed a centaur warrior
 10830 | D:12     | Killed a centaur warrior
 10881 | D:12     | Noticed a centaur warrior
 10898 | D:12     | Killed a centaur warrior
 10899 | D:12     | Reached skill level 10 in Spellcasting
 11109 | D:12     | Noticed a cyclops
 11125 | D:12     | Killed a cyclops
 11126 | D:12     | Reached XP level 12. HP: 76/91 MP: 19/26
 11442 | D:12     | Found a portal to a secret trove of treasure.
 11736 | D:12     | Reached ***** piety under Vehumet
 11946 | D:12     | Offered knowledge of Arcjolt by Vehumet.
 13279 | D:12     | Found a staircase to the Orcish Mines.
 13393 | Orc:1    | Entered Level 1 of the Orcish Mines
 13551 | Orc:2    | Entered Level 2 of the Orcish Mines
 13643 | Orc:2    | Noticed an orc warlord
 13812 | Lair:1   | Entered Level 1 of the Lair of Beasts
 14213 | Lair:1   | You fall into a shaft and drop 1 floor!
 14303 | Lair:2   | Found a staircase to the Swamp.
 14303 | Lair:2   | Noticed an eleionoma
 14312 | Lair:2   | Killed an eleionoma
 14514 | Lair:2   | Reached XP level 13. HP: 86/99 MP: 16/27
 14519 | Lair:2   | Learned a level 4 spell: Olgreb's Toxic Radiance
 14903 | Lair:2   | Offered knowledge of Freezing Cloud by Vehumet.
 14911 | Lair:2   | Learned a level 5 spell: Freezing Cloud
 15448 | Lair:2   | Reached skill level 11 in Spellcasting
 15655 | Lair:2   | Found a hole to the Spider Nest.
 17254 | Lair:3   | Reached skill level 10 in Armour
 18311 | Lair:4   | Reached XP level 14. HP: 94/108 MP: 15/29
 18932 | Lair:4   | Found a sacrificial altar of Ru.
 19090 | Lair:5   | Entered Level 5 of the Lair of Beasts
 19115 | Lair:5   | Reached skill level 10 in Invocations
 20236 | Lair:5   | Found a runed translucent door.
 20236 | Lair:5   | Found a viscous altar of Jiyva.
 20237 | Lair:5   | Found a staircase to the Slime Pits.
 20477 | Lair:5   | Identified the +2 short sword of the Open Hand {flame,
                  | *Noise rF++}
 20986 | Lair:5   | Reached skill level 10 in Fighting
 20986 | Lair:5   | Reached skill level 10 in Dodging
 21719 | Orc:1    | Killed an orc warlord
 22143 | Orc:2    | Reached skill level 12 in Spellcasting
 22325 | Orc:2    | Noticed Donald
 22333 | Orc:2    | Slain by Donald

Illustrated notes

Levels and vault maps discovered:
D:1:      shiori_shiawase, layout_basic, serial_shops, shop
D:2:      layout_loops_ring, hellmonk_ecumenical_altar_blasted, uniq_sigmund,
          uniq_terence
D:3:      layout_basic, serial_shops, nicolae_shop_window_shopping
D:4:      layout_rooms, pdpol_wu_jian_five_deadly_venoms,
          minmay_temple_entry_overgrown, st_stairs_1, uniq_menkaure
D:5:      layout_basic, nicolae_dithmenos_through_a_glass_darkly,
          nicolae_qazlal_general_emergency, uniq_edmund
D:6:      layout_loops_cross, hangedman_ru_absence, uniq_crazy_yiuf_cottage,
          uniq_pikel, uniq_duvessa
D:7:      layout_loops_ring
D:8:      layout_basic, tgw_trog, david_lair_generic, roderic_batcave
D:9:      layout_irregular_city, bh_circular_ruins, uniq_erolcha
D:10:     layout_basic, fedhas_bush_and_centaur_altar
D:11:     cheibrodos_wizards_tower, layout_irregular_city, serial_shops,
          nicolae_shop_gibbet_a_chance
D:12:     minmay_diamond_stairs, layout_gridville,
          kennysheep_orc_monster_closet_entryway, nicolae_trove_entry_columns
Temple:   eino_temple_scatter_basement
Lair:1:   layout_chaotic_city
Lair:2:   layout_long_grid, alex1729_swamp_entry_worm_eleionoma,
          nicolae_spider_entry_orb_guardian, hangedman_lair_generics_rect
Lair:3:   layout_cave_shapes
Lair:4:   layout_roguey, basic_altar
Lair:5:   grunt_lair_end_beastmaster, layout_regular_city, slime_entry_2
Orc:1:    layout_diamond_mine, serial_shops, rock_pile, uniq_erica
Orc:2:    st_orc_open, layout_caves, basic_altar, nicolae_orc_stony_grotto,
          nicolae_orc_bridge_out, lemuel_statue_altar, uniq_donald

Skill      XL: |  1  2  3  4  5  6  7  8  9 10 11 12 13 14 |
---------------+-------------------------------------------+-----
Fighting       | 3 4 5 6 7 8 9 10 | 10.0
Short Blades   | 1 2 3 4 5 7 8 9 |  9.7
Long Blades    | 1 2 3 4 5 7 8 9 |  9.7
Axes           | 1 2 3 4 5 7 8 9 |  9.7
Maces & Flails | 1 2 3 4 5 7 8 9 |  9.7
Polearms       | 1 2 3 4 5 7 8 9 |  9.7
Staves         | 1 2 3 4 5 7 8 9 |  9.7
Ranged Weapons | 1 2 3 4 5 7 8 9 |  9.7
Throwing       | 1 2 3 4 5 7 8 9 |  9.7
Dodging        | 3 4 5 6 7 8 9 10 | 10.0
Stealth        | 1 2 3 4 5 7 8 9 |  9.7
Shields        | 1 2 3 4 5 7 8 9 |  9.7
Unarmed Combat | 1 2 3 4 5 7 8 9 |  9.7
Conjurations   | 1 2 3 4 5 6 7 8 |  8.1
Hexes          | 1 2 3 4 5 6 7 8 |  8.1
Summonings     | 1 2 3 4 5 6 7 8 |  8.1
Necromancy     | 1 2 3 4 5 6 7 8 |  8.1
Translocations | 1 2 3 4 5 6 7 8 |  8.1
Transmutations | 1 2 3 4 5 6 7 8 |  8.1
Fire Magic     | 1 2 3 4 5 6 7 8 |  8.1
Ice Magic      | 1 2 3 4 5 6 7 8 |  8.1
Air Magic      | 1 2 3 4 5 6 7 8 |  8.1
Earth Magic    | 1 2 3 4 5 6 7 8 |  8.1
Invocations    | 1 2 3 4 5 6 7 8 9 10 | 10.5
Evocations     | 1 2 3 4 5 7 8 9 |  9.7
Shapeshifting  | 1 2 3 4 5 6 7 8 |  8.1
Armour         | 5 6 7 8 9 10 | 10.7
Poison Magic   | 6 7 8 9 |  9.8
Spellcasting   | 8 9 10 11 12 | 12.0

Action                     |  1- 3 |  4- 6 |  7- 9 | 10-12 | 13-15 || total
---------------------------+-------+-------+-------+-------+-------++-------
  Melee: Club              |   111 |    75 |       |       |       ||   186
         Bite              |     8 |    19 |    30 |    85 |    83 ||   225
         Punch             |     1 |     2 |     8 |     8 |       ||    19
         Falchion          |       |    31 |   258 |   607 |   250 ||  1146
         Unarmed           |       |       |       |       |   216 ||   216
   Cast: Sting             |    20 |    52 |    37 |    83 |     8 ||   200
         Mephitic Cloud    |       |       |    10 |    76 |    56 ||   142
         Stone Arrow       |       |       |       |   110 |   194 ||   304
         Olgreb's Toxic Ra |       |       |       |       |     7 ||     7
         Freezing Cloud    |       |       |       |       |    37 ||    37
  Evoke: Wand              |       |       |       |     3 |       ||     3
    Use: Potion            |     1 |       |       |       |       ||     1
         Scroll            |       |       |       |    10 |     1 ||    11
   Stab: Confused          |       |       |     4 |    37 |    21 ||    62
         Sleeping          |       |       |       |       |     1 ||     1
 Armour: Scale mail        |    83 |    65 |    93 |   170 |   135 ||   546
  Dodge: Dodged            |   103 |   119 |   212 |   417 |   386 ||  1237
  Block: Buckler           |       |       |       |   107 |   116 ||   223

Table legend: (Time is in decaauts)
 A = Elapsed time spent in this place.
 B = Non-inter-level travel time spent in this place.
 C = Inter-level travel time spent in this place.
 D = Time resting spent in this place.
 E = Time spent auto-exploring this place.
 F = Levels seen in this place.
 G = Mean time per level.
                   A        B        C        D        E       F      G
               +--------+--------+--------+--------+--------+-----+--------+
         Total |  22377 |  21414 |    963 |   1533 |  15186 |  20 | 1118.8 |
       Dungeon |  13727 |  13097 |    630 |    266 |   9827 |  12 | 1143.9 |
        Temple |     34 |      1 |     33 |      0 |      0 |   1 |   34.0 |
          Lair |   7641 |   7350 |    291 |    960 |   5014 |   5 | 1528.2 |
  Orcish Mines |    973 |    965 |      8 |    307 |    345 |   2 |  486.5 |
               +--------+--------+--------+--------+--------+-----+--------+

Top non-repeatable levels by time:
  Lair:5: 2302 daAuts
    D:12: 2131 daAuts
  Lair:2: 1954 daAuts
     D:8: 1294 daAuts
     D:5: 1267 daAuts
  Lair:3: 1219 daAuts
     D:9: 1193 daAuts
    D:10: 1189 daAuts
  Lair:1: 1171 daAuts
    D:11: 1077 daAuts
     D:3: 1076 daAuts
     D:7: 1056 daAuts
     D:1: 1013 daAuts
  Lair:4: 992 daAuts
     D:6: 969 daAuts
